 Dungeon Crawl Stone Soup version 0.22.0 (webtiles) character file.

0 KnightedAnt the Skirmisher (level 1, -6/18 HPs)
             Began as a Formicid Abyssal Knight on Oct 29, 2018.
             Was a Follower of Lugonu.
             Mangled by a vampire mosquito (9 damage)
             ... summoned by a worldbinder
             ... on level 2 of the Abyss.
             The game lasted 00:00:30 (78 turns).

KnightedAnt the Skirmisher (Formicid Abyssal Knight)  Turns: 78, Time: 00:00:31

Health: -6/18      AC:  3    Str: 16    XL:     1   Next: 0%
Magic:  2/2        EV: 11    Int: 11    God:    Lugonu [*.....]
Gold:   0          SH:  0    Dex: 10    Spells: 0/0 levels left

rFire    . . .     SeeInvis +   a - +1 mace
rCold    . . .     Gourm    .   (no shield)
rNeg     . . .     Faith    .   b - +0 leather armour
rPois    .         Spirit   .   (helmet unavailable)
rElec    .         Reflect  .   (no cloak)
rCorr    .         Harm     .   (no gloves)
MR       .....                  (no boots)
Stlth    +.........             (no amulet)
HPRegen  0.00/turn              (no ring)
MPRegen  0.08/turn              (no ring)

@: non-regenerating, badly diseased
A: permanent stasis, dig shafts and tunnels, four strong arms, antennae 3
a: Dig, Shaft Self, Depart the Abyss, Renounce Religion


You were on level 2 of the Abyss.
You worshipped Lugonu.
Lugonu was aware of your devotion.
You were not hungry.

You visited 0 branches of the dungeon, and saw 0 of its levels.
You visited the Abyss 1 time.

Inventory:

Hand Weapons
 a - a +1 mace (weapon)
Armour
 b - a +0 leather armour (worn)
Comestibles
 c - a ration


   Skills:
 + Level 3.2 Fighting
 + Level 2.0 Maces & Flails
 + Level 2.1 Armour
 + Level 0.8 Dodging
 + Level 2.1 Invocations


You couldn't memorise any spells.
You didn't know any spells.
Your spell library was empty.

Dungeon Overview and Level Annotations

Branches:
Dungeon (0/15)

Altars:


Innate Abilities, Weirdness & Mutations

You cannot be hasted, slowed, berserked, paralysed or teleported.
You can dig through walls and to a lower floor.
Your four strong arms can wield two-handed weapons with a shield.
You have a pair of large antennae on your head. (SInv)


Message History

The starspawn tentacle grabs you. The starspawn tentacle constricts you.
The starspawn tentacle's grasp on you weakens, but your attempt to escape fails.
The starspawn tentacle loses its grip on you.
The tentacle pulls you backwards! The starspawn tentacle misses you.
The starspawn tentacle grabs you.
The starspawn tentacle constricts you. 2 starspawn tentacle segments come into view.
You hit the starspawn tentacle but do no damage.
The starspawn tentacle loses its grip on you.
The tentacle pulls you backwards!
The starspawn tentacle completely misses you.
The worldbinder hits you but does no damage.
The worldbinder barely misses you. The starspawn tentacle grabs you.
* * * LOW HITPOINT WARNING * * *
The starspawn tentacle constricts you.
The starspawn tentacle loses its grip on you.
The tentacle pulls you backwards!
The worldbinder calls forth creatures from the Swamp!
The vampire mosquito bites you!
Ouch! That really hurt!
You die...

#.. #.#.###. .
...###..#####..
...#.#... ## . ..#...
#.... ### y#.#. . ###
#.# ...###
..#####.##x.##.#
##..#...#.#)..#
#.y@#..#.## # .#
#..xx..#...X.# .
#......X#....{# #..
###w##..#...#......
##.###yX*....##...#..
#......#...#..#...#
..
#......##..#..####..
# ##.....###...#.. ..
.......# #.#...


You could see a tentacled starspawn, an ancient zyme, a large abomination, a
worldbinder, 2 vampire mosquitoes and a starspawn tentacle.

Vanquished Creatures (others)
  A starspawn tentacle (Abyss:2)
1 creature vanquished.

Notes
Turn   | Place    | Note
-------+----------+-------------------------------------------
     0 | Abyss:1  | KnightedAnt the Formicid Abyssal Knight began the quest for the Orb.
     0 | Abyss:1  | Reached XP level 1. HP: 18/18 MP: 2/2
    43 | Abyss:2  | Noticed an ancient zyme
    57 | Abyss:2  | Noticed a worldbinder
    63 | Abyss:2  | Noticed a vampire mosquito
    64 | Abyss:2  | Noticed a large abomination
    70 | Abyss:2  | Noticed a tentacled starspawn
    78 | Abyss:2  | Noticed a vampire mosquito
    78 | Abyss:2  | Noticed a vampire mosquito
    78 | Abyss:2  | Noticed a vampire mosquito
    78 | Abyss:2  | Mangled by a vampire mosquito

Action                   || total
-------------------------++-------
Melee: Mace              ||     1
Armor: Leather armour    ||     1
Dodge: Dodged            ||     5
